 Dungeon Crawl Stone Soup version 0.31.0-32-g396128a36d (webtiles) character file.

Game seed: 6797400238829361465

3 Dvallin the Changeling (level 1, 0/10 HPs)
             Began as a Merfolk Shapeshifter on Apr 1, 2024.
             Slain by a ball python (3 damage)
             ... on level 1 of the Dungeon.
             The game lasted 00:00:33 (164 turns).

Dvallin the Changeling (Merfolk Shapeshifter)        Turns: 164, Time: 00:00:34

Health: 0/10       AC:  0    Str: 14    XL:     1   Next: 50%
Magic:  1/1        EV: 13    Int:  9    God:
Gold:   0          SH:  0    Dex: 13    Spells: 0/0 levels left

rFire   . .          .
                       - Unarmed
rCold   . . .        (shield currently unavailable)
rNeg    . . .        a - melded +0 animal skin
rPois   .            (no helmet)
rElec   .            (no cloak)
rCorr   .            (no gloves)
SInv    .            (no boots)
Will    .....        (no amulet)
Stlth   +            (no ring)
HPRegen 0.21/turn    (no ring)
MPRegen 0.07/turn

%: no passive effects
@: flux-form, glowing, constricted
A: glow, contaminating, reduced hp, (nimble swimmer 2), mertail
a: Begin Untransformation


You were on level 1 of the Dungeon.
You were something dangerously unstable.
You visited 1 branch of the dungeon, and saw 1 of its levels.

Inventory:

Armour
 a - a +0 animal skin (melded)
Talismans
 d - a flux talisman (active)
Scrolls
 c - a scroll of teleportation {unknown}
Potions
 b - a potion of lignification


   Skills:
 - Level 1.1 Fighting
 - Level 2.6 Dodging
 - Level 3.2 Unarmed Combat
 + Level 4.3 Shapeshifting


You couldn't memorise any spells.
You didn't know any spells.
Your spell library was empty.

Dungeon Overview and Level Annotations

Branches:
Dungeon (1/15)

Altars:


Innate Abilities, Weirdness & Mutations

You are something dangerously unstable.
You glow with magical radiation, making you easy to see and hit.
Foes you strike become dangerously contaminated with magical radiation.
Your maximum health is decreased, since you lack skill for your form.
You are incapable of wielding weapons or throwing items.
((You are very nimble when in or above water. (Stealth+, EV+, Speed+++)))
Your lower body shifts to a powerful aquatic tail in water.


Message History

No target in view!
No target in view!
No target in view!
No target in view!
No target in view!
No target in view!
You see here a frilled lizard corpse.
A ball python comes into view.
The ball python hisses angrily.
A ball python is nearby!
The ball python bites you. The ball python grabs you.
The ball python constricts you. The ball python closely misses you.
The ball python constricts you.
You completely miss the ball python. The ball python bites you.
The ball python constricts you.
You closely miss the ball python. The ball python closely misses you.
The ball python constricts you.
You are too injured to fight recklessly!
You are too injured to fight recklessly!
You are too injured to fight recklessly!
You are too injured to fight recklessly!
You are too injured to fight recklessly!
You are too injured to fight recklessly!
You are too injured to fight recklessly!
You are too injured to fight recklessly!
You are too injured to fight recklessly!
You are too injured to fight recklessly!
You are too injured to fight recklessly!
You are too injured to fight recklessly!
You completely miss the ball python. The ball python misses you.
The ball python constricts you.
You hit the ball python.
The ball python begins to glow.
The ball python is moderately wounded.
The ball python bites you. The ball python constricts you.
* * * LOW HITPOINT WARNING * * *
You hit the ball python.
The ball python glows dangerously bright.
The ball python is severely wounded.
The ball python bites you.
You die...

(8((...'.......####.#..........#
(..((.##....##.####.#####.#.#.##
.(.(#####.#.......#.# #.†...#
#'### #.#.#####.#.#######.###
.(..## #.#.# #.#.........#
.<...# #...# #...#######.#
....## ## #.### #.# #####
#.#####.# #.# #....Sp.# #.#
####.#### #.# # #.# .#


You could see a ball python (heavy contam).

Vanquished Creatures
  A hobgoblin (D:1)
  A bat (D:1)
  2 frilled lizards (D:1)
4 creatures vanquished.

Notes
Turn   | Place    | Note
-------+----------+-------------------------------------------
     0 | D:1      | Dvallin the Merfolk Shapeshifter began the quest for the
                  | Orb.
     0 | D:1      | Reached XP level 1. HP: 15/15 MP: 1/1
   164 | D:1      | Slain by a ball python

Illustrated notes

Levels and vault maps discovered:
D:1:      minmay_arrival_shattered_statue, layout_loops_ring,
          hellmonk_ecumenical_altar_pennies_from_heaven, st_stairs_13

Action                     || total
---------------------------++-------
  Melee: Unarmed           ||    11
 Armour: Skin              ||     7
  Dodge: Dodged            ||     6
   Form: Flux              ||     1
